 Dungeon Crawl Stone Soup version 0.23-a0-54-gae6112e33f (webtiles) character file.

791 LLavrengius the Skirmisher (level 7, 0/51 HPs)
             Began as an Octopode Wizard on Aug 8, 2018.
             Slain by an orc
             ... wielding a +0 club
              (3 damage)
             ... on level 4 of the Dungeon.
             The game lasted 00:28:13 (6599 turns).

LLavrengius the Skirmisher (Octopode Wizard)        Turns: 6599, Time: 00:28:13

Health: 0/51       AC:  1    Str:  6    XL:     7   Next: 88%
Magic:  8/11       EV: 13    Int: 22    God:
Gold:   250        SH:  0    Dex: 11    Spells: 7/12 levels left

rFire    x . .     SeeInvis .   x - staff of earth
rCold    + . .     Gourm    .   (no shield)
rNeg     . . .     Faith    .   a - +0 hat
rPois    .         Spirit   .   (no amulet)
rElec    .         Reflect  .   b - ring of ice
rCorr    .         Harm     .   (no ring)
MR       .....                  (no ring)
Stlth    +++.......             (no ring)
HPRegen  0.17/turn              (no ring)
MPRegen  0.12/turn              (no ring)
                                (no ring)
                                (no ring)

@: no status effects
A: almost no armour, stealthy swim, amphibious, 8 rings, constrict 8, camouflage
1, gelatinous body 1
a: no special abilities


You were on level 4 of the Dungeon.
You were not hungry.

You visited 1 branch of the dungeon, and saw 5 of its levels.

You collected 250 gold pieces.

Inventory:

Hand Weapons
 f - a +0 hunting sling
 o - a +1 whip of electrocution
 r - a +2 quarterstaff of chaos
 A - a +0 whip of electrocution
Missiles
 d - 141 stones (quivered)
 l - 38 sling bullets
 w - 99 arrows
Armour
 a - a +0 hat (worn)
Magical Staves
 x - an uncursed staff of earth (weapon)
Jewellery
 b - a ring of ice (left tentacle)
 j - an uncursed ring of protection from cold {unknown}
Wands
 q - a wand of digging (12)
Scrolls
 e - a scroll of amnesia {unknown}
 g - a scroll of enchant armour {unknown}
 h - a scroll of noise {unknown}
 i - 4 scrolls of remove curse {unknown}
 k - 2 scrolls of magic mapping {unknown}
 s - 9 scrolls of identify {unknown}
 t - a scroll of random uselessness {unknown}
 v - a scroll of teleportation {unknown}
 y - a scroll of blinking {unknown}
 z - a scroll of fog {unknown}
Potions
 m - a potion of agility
 n - 5 potions of curing
 p - a potion of berserk rage {unknown}
Comestibles
 c - 10 rations


   Skills:
 * Level 5.7 Fighting
 + Level 2.3 Staves
 - Level 2.0 Dodging
 - Level 3.0 Stealth
 - Level 3.2 Spellcasting
 - Level 3.0 Conjurations
 + Level 2.9 Summonings
 + Level 2.9 Translocations


You had 7 spell levels left.
You knew the following spells:

 Your Spells              Type           Power        Failure   Level  Hunger
a - Magic Dart            Conj           ###.         3%          1    None
b - Blink                 Tloc           N/A          5%          2    ##.....
c - Call Imp              Summ           ###.....     5%          2    ##.....

Your spell library contained the following spells:

 Spells                   Type           Power        Failure   Level  Hunger
 Apportation              Tloc           ###...       3%          1    None
 Conjure Flame            Conj/Fire      ##......     19%         3    ###....
 Slow                     Hex            #.......     19%         2    ##.....
 Mephitic Cloud           Conj/Pois/Air  #.......     24%         3    ###....
 Summon Small Mammal      Summ           ###.         3%          1    None
 Animate Skeleton         Necr           N/A          12%         1    None
 Confusing Touch          Hex            #.....       12%         1    None


Dungeon Overview and Level Annotations

Branches:
Dungeon (5/15)
 Temple: D:4-7

Altars:
Dithmenos
Elyvilon
Gozag
Qazlal
Ru
Yredelemnul
Zin

Shops:
D:4 *


Innate Abilities, Weirdness & Mutations

You cannot wear most types of armour.
You are very stealthy in the water. (Stealth+)
You are amphibious.
You can wear up to eight rings at the same time.
You can use your tentacles to constrict eight enemies at once.
Your skin changes colour to match your surroundings (Stealth+).
Your rubbery body absorbs attacks. (AC +1, EV +1)


Message History

There is a stone staircase leading down here.
There is a stone staircase leading up, spattered with blood here.
The orc hits you with a club.
* * * LOW HITPOINT WARNING * * *
The orc priest calls upon Beogh to heal the orc.
The orc's wounds heal themselves!
You climb upwards.
There is a stone staircase leading down here.
You hit the orc but do no damage. Your grab misses the orc.
The orc barely misses you.
You hit the orc. Your grab misses the orc.
The orc is moderately wounded.
The orc closely misses you.
You closely miss the orc. Your grab misses the orc.
The orc is moderately wounded.
The orc hits you but does no damage.
You closely miss the orc. You grab the orc. Your squeeze misses the orc.
The orc is moderately wounded.
You constrict the orc. The orc hits you with a club.
You die...

._......# #......# #.#....#
≈..^.≈^.# ###.#### #......##
...^#≈..# ##.## #.#.....#
≈.^#^#..# #...# #.......#
≈.≈#^#^.# #...# #.#.....#
.....^#.# #...######.#.....#
#..##.#.########...#............#
##.....................##......##
..###.##........@o......##.##....
#.###.##.##.............##.##.###
#........##.####...#.......##.###
#####.#####.# #...####<##.......
#...###.# #...# #.......##.
#.......####...#######.##<##.
###.####......#..[####....##.
#######.# #.#####.###.#...[...#.
........####.####.## ##).#).##.#.


You could see an orc.

Vanquished Creatures
  A phantom (D:4)
  A centaur (D:5)
  A howler monkey (D:5)
  Crazy Yiuf (D:2)
  An orc priest (D:4)
  A hound (D:4)
  An iguana (D:4)
  A worker ant (D:4)
  3 orc wizards
  2 hound skeletons
  2 gnolls (D:4)
  An adder (D:5)
  3 oozes (D:1)
  An adder skeleton (D:5)
  2 dart slugs (D:1)
  5 worms
  A leopard gecko (D:1)
  10 orcs
  2 giant cockroaches
  4 hobgoblins
  7 jackals
  7 kobolds
  3 ball pythons
  5 bats
  5 frilled lizards
  7 goblins
  A leopard gecko skeleton (D:5)
  4 rats
83 creatures vanquished.

Vanquished Creatures (collateral kills)
  Sigmund (D:2)
  A scorpion (D:4)
  A jelly (D:3)
  2 orc priests (D:4)
  An orc wizard (D:4)
  Jessica (D:2)
  2 worker ants
  2 gnolls (D:4)
  3 adders
  A dart slug (D:4)
  A leopard gecko (D:4)
  3 orcs (D:4)
  3 jackals (D:5)
22 creatures vanquished.

Grand Total: 105 creatures vanquished

Notes
Turn   | Place    | Note
-------+----------+-------------------------------------------
     0 | D:1      | LLavrengius the Octopode Wizard began the quest for the Orb.
     0 | D:1      | Reached XP level 1. HP: 11/11 MP: 4/4
   361 | D:1      | Reached XP level 2. HP: 17/17 MP: 6/6
   365 | D:1      | Learned a level 2 spell: Blink
   662 | D:1      | Reached skill level 1 in Fighting
   901 | D:1      | Reached XP level 3. HP: 21/23 MP: 3/7
  1187 | D:1      | Learned a level 2 spell: Call Imp
  1419 | D:1      | Reached skill level 2 in Fighting
  2281 | D:2      | Noticed Jessica
  2291 | D:2      | Killed Jessica
  2291 | D:2      | Reached XP level 4. HP: 28/30 MP: 2/8
  2534 | D:2      | Noticed Sigmund
  2589 | D:2      | Killed Sigmund
  2589 | D:2      | Reached skill level 4 in Fighting
  2589 | D:2      | Reached XP level 5. HP: 37/37 MP: 3/9
  2684 | D:2      | Found a runed door.
  2730 | D:2      | Noticed Crazy Yiuf
  2737 | D:2      | Killed Crazy Yiuf
  2737 | D:2      | Reached XP level 6. HP: 15/43 MP: 7/10
  4009 | D:3      | Found an opulent altar of Gozag.
  4282 | D:4      | Found a shadowy altar of Dithmenos.
  4282 | D:4      | Noticed a phantom
  4344 | D:4      | Killed a phantom
  4344 | D:4      | Reached skill level 1 in Staves
  4812 | D:4      | Reached XP level 7. HP: 49/49 MP: 8/11
  4952 | D:4      | Found a white marble altar of Elyvilon.
  5031 | D:4      | Found a stormy altar of Qazlal.
  5036 | D:4      | Found Zin's Purification Station.
  5039 | D:4      | Found a glowing silver altar of Zin.
  5098 | D:4      | Reached skill level 5 in Fighting
  5345 | D:4      | Found a basalt altar of Yredelemnul.
  5525 | D:4      | Found a sacrificial altar of Ru.
  5763 | D:5      | Entered Level 5 of the Dungeon
  6570 | D:5      | HP: 1/51 [orc priest/divine providence (15)]
  6594 | D:5      | HP: 2/51 [orc/club (3)]
  6599 | D:4      | Slain by an orc

Vault maps used:
D:1:      arrival_zaba_pyramid, serial_glass, glass_columns_a, glass_columns_a
D:2:      uniq_sigmund, uniq_jessica, uniq_crazy_yiuf_cottage
D:3:      nicolae_gozag_seed_capital, first_ration
D:4:      lemuel_coloured_pillars_altar, grunt_dithmenos_shadows, zin_purify,
          grunt_qazlal_sundering, grunt_temple_overflow_open
D:5:      ashenzari_altar_1, kennysheep_cluttered_room

Skill      XL: |  1  2  3  4  5  6  7 |
---------------+----------------------+-----
Stealth        | 3 |  3.0
Fighting       | 1 2 4 5 |  5.7
Conjurations   | 2 3 |  3.0
Staves         | 1 2 |  2.3
Translocations | 2 |  2.9
Summonings     | 2 |  2.9
Dodging        | |  2.0
Spellcasting   | |  3.2

Action                   |  1- 3 |  4- 6 |  7- 9 || total
-------------------------+-------+-------+-------++-------
Melee: Unarmed           |   120 |    63 |       ||   183
       Constrict         |    22 |    22 |    24 ||    68
       Tentacles         |    14 |    16 |    14 ||    44
       Staff             |       |    32 |    95 ||   127
 Cast: Magic Dart        |    30 |    13 |    17 ||    60
       Call Imp          |     3 |    35 |    18 ||    56
       Blink             |     1 |     2 |       ||     3
  Use: Potion            |       |     2 |       ||     2
 Stab: Sleeping          |     9 |     9 |     2 ||    20
       Distracted        |       |     2 |       ||     2
  Eat: Chunk             |     4 |     9 |     3 ||    16
       Ration            |       |       |     1 ||     1
Armor: Skin              |     8 |     9 |     2 ||    19
Dodge: Dodged            |    86 |    47 |    78 ||   211

Table legend:
 A = Spawn XP
 B = Non-spawn XP
 C = Spawn XP percentage of total XP
 D = Spawn monster count
 E = Non-spawn monster count
 F = Spawn count percentage of total count
 G = Total turns spent on level
                    A         B        C        D         E        F      G
               +---------+---------+-------+---------+---------+-------+---------
         Total |       0 |    1130 |   0.0 |       0 |     105 |   0.0 |  6599
               +---------+---------+-------+---------+---------+-------+---------
           D:1 |       0 |      71 |   0.0 |       0 |      31 |   0.0 |  2125
           D:2 |       0 |     259 |   0.0 |       0 |      11 |   0.0 |   832
           D:3 |       0 |      72 |   0.0 |       0 |      14 |   0.0 |  1196
           D:4 |       0 |     471 |   0.0 |       0 |      34 |   0.0 |  1854
           D:5 |       0 |     257 |   0.0 |       0 |      15 |   0.0 |   592
               +---------+---------+-------+---------+---------+-------+---------
